[ AOE2 MATCH · #507306752 ]
UnrankedMongols vs Khmer
Player's team · LOSS
Rival team · WIN
[ REPLAY ANALYSIS · EXTRACTED FROM THE RECORDED GAME ]
Feudal
10:45
Castle
31:02
Imperial
—
| APM avg | 77.8 |
| APM peak | 99 |
| eAPM avg | 36.5 |
| Villagers / military | 95 / 132 |
Focus
⚔️ 28.9% · 🌾 71.1%
Archer ×61 · Spearman ×45 · Mangudai ×19 · Militia ×5 · Skirmisher ×2
Feudal
8:33
Castle
28:26
Imperial
—
| APM avg | 62.1 |
| APM peak | 88 |
| eAPM avg | 28.1 |
| Villagers / military | 114 / 125 |
Focus
⚔️ 47.4% · 🌾 52.6%
Knight ×50 · Scout Cavalry ×38 · Skirmisher ×16 · Archer ×12 · Battle Elephant ×3 · Mangonel ×2
Match map
Initial resources + every placement click. Lines = walls · curves = elevation contours. ◆ gold · ⬟ stone · ● berries · ✦ relic · ◌ wall gap
Your base· Open — 11t gap
羅鈸棒's base· Open — unwalled flank
Smoothed initial terrain · ◌ = detected wall gap · hover for details
Inputs per minute
— WryPig - - 羅鈸棒
Build order — WryPig
First 150 of 359 actions detected
| 0:00 | Queue | Villager (Male) |
| 0:01 | Queue | Villager (Male) |
| 0:02 | Build | House |
| 0:03 | Build | House |
| 0:06 | Queue | Villager (Male) |
| 0:06 | Queue | Villager (Male) |
| 0:06 | Queue | Villager (Male) |
| 1:29 | Queue | Villager (Male) |
| 2:11 | Queue | Villager (Male) |
| 2:12 | Queue | Villager (Male) |
| 2:12 | Queue | Villager (Male) |
| 2:14 | Queue | Villager (Male) |
| 2:14 | Queue | Villager (Male) |
| 2:27 | Queue | Villager (Male) |
| 2:27 | Queue | Villager (Male) |
| 2:41 | Build | Lumber Camp |
| 3:00 | Queue | Villager (Male) |
| 3:01 | Queue | Villager (Male) |
| 3:27 | Queue | Villager (Male) |
| 3:27 | Queue | Villager (Male) |
| 3:30 | Queue | Villager (Male) |
| 3:30 | Queue | Villager (Male) |
| 3:47 | Queue | Villager (Male) |
| 3:47 | Queue | Villager (Male) |
| 3:55 | Build | House |
| 4:34 | Queue | Villager (Male) |
| 4:34 | Queue | Villager (Male) |
| 4:34 | Queue | Villager (Male) |
| 4:35 | Queue | Villager (Male) |
| 4:35 | Queue | Villager (Male) |
| 5:16 | Build | Barracks |
| 5:44 | Build | House |
| 5:58 | Queue | Villager (Male) |
| 6:17 | Queue | Militia |
| 6:17 | Queue | Militia |
| 6:18 | Queue | Militia |
| 6:38 | Build | House |
| 6:43 | Queue | Militia |
| 7:17 | Research | Loom |
| 7:25 | Build | Mill |
| 8:10 | Queue | Villager (Male) |
| 8:35 | Research | Feudal Age |
| 8:35 | Research | Feudal Age |
| 8:35 | Research | Feudal Age |
| 8:44 | Build | Mining Camp |
| 9:29 | Build | House |
| 9:32 | Build | Palisade Gate |
| 9:34 | Build | Palisade Wall |
| 9:44 | Build | Palisade Wall |
| 9:52 | Build | Palisade Wall |
| 10:34 | Queue | Villager (Male) |
| 10:37 | Build | Farm |
| 10:45 | Age | Feudal Age |
| 10:51 | Build | Archery Range |
| 10:59 | Research | Double-Bit Axe |
| 11:04 | Research | Man-at-Arms (upgrade) |
| 11:05 | Queue | Villager (Male) |
| 11:16 | Build | Archery Range |
| 11:25 | Build | Palisade Wall |
| 11:27 | Queue | Villager (Male) |
| 11:44 | Queue | Spearman |
| 11:58 | Queue | Archer |
| 11:58 | Queue | Archer |
| 12:08 | Queue | Villager (Male) |
| 12:16 | Queue | Archer |
| 12:24 | Queue | Villager (Male) |
| 12:46 | Queue | Archer |
| 12:46 | Queue | Archer |
| 12:52 | Build | Farm |
| 13:01 | Build | Farm |
| 13:02 | Queue | Spearman |
| 13:06 | Build | Farm |
| 13:20 | Build | Farm |
| 13:22 | Build | House |
| 13:31 | Queue | Skirmisher |
| 13:31 | Queue | Skirmisher |
| 13:48 | Queue | Villager (Male) |
| 14:13 | Queue | Militia |
| 14:18 | Build | Farm |
| 14:24 | Build | House |
| 14:26 | Build | Farm |
| 14:26 | Build | Farm |
| 14:26 | Build | Farm |
| 14:27 | Build | Farm |
| 14:27 | Build | Farm |
| 14:42 | Queue | Villager (Male) |
| 15:02 | Queue | Spearman |
| 15:27 | Queue | Villager (Male) |
| 15:38 | Queue | Archer |
| 15:38 | Queue | Archer |
| 15:43 | Build | House |
| 15:51 | Queue | Villager (Male) |
| 15:51 | Queue | Villager (Male) |
| 15:57 | Queue | Spearman |
| 15:58 | Queue | Spearman |
| 16:20 | Queue | Archer |
| 16:20 | Queue | Archer |
| 16:22 | Queue | Villager (Male) |
| 16:25 | Build | Blacksmith |
| 16:41 | Queue | Spearman |
| 16:57 | Queue | Villager (Male) |
| 16:58 | Queue | Villager (Male) |
| 17:08 | Queue | Archer |
| 17:20 | Queue | Archer |
| 17:21 | Queue | Archer |
| 17:23 | Build | Farm |
| 17:35 | Build | House |
| 17:50 | Research | Fletching |
| 17:50 | Research | Fletching |
| 17:50 | Queue | Villager (Male) |
| 17:50 | Queue | Villager (Male) |
| 17:59 | Queue | Archer |
| 17:59 | Queue | Archer |
| 18:27 | Build | Farm |
| 18:32 | Queue | Villager (Male) |
| 18:32 | Queue | Villager (Male) |
| 18:33 | Queue | Villager (Male) |
| 18:33 | Queue | Villager (Male) |
| 18:54 | Queue | Villager (Male) |
| 19:00 | Queue | Villager (Male) |
| 19:00 | Queue | Villager (Male) |
| 19:06 | Build | Mining Camp |
| 19:14 | Queue | Spearman |
| 19:16 | Queue | Spearman |
| 19:28 | Queue | Archer |
| 19:29 | Queue | Archer |
| 19:35 | Queue | Villager (Male) |
| 19:35 | Queue | Villager (Male) |
| 19:57 | Queue | Spearman |
| 19:58 | Queue | Spearman |
| 19:58 | Queue | Spearman |
| 19:59 | Queue | Archer |
| 19:59 | Queue | Archer |
| 19:59 | Queue | Archer |
| 20:10 | Queue | Archer |
| 20:10 | Queue | Archer |
| 20:10 | Queue | Archer |
| 20:16 | Queue | Villager (Male) |
| 20:17 | Queue | Villager (Male) |
| 20:28 | Build | Mining Camp |
| 20:36 | Queue | Villager (Male) |
| 20:36 | Queue | Villager (Male) |
| 20:44 | Queue | Archer |
| 20:45 | Queue | Archer |
| 20:49 | Queue | Spearman |
| 20:49 | Queue | Spearman |
| 21:00 | Queue | Villager (Male) |
| 21:01 | Queue | Villager (Male) |
| 21:16 | Queue | Villager (Male) |
| 21:19 | Build | Farm |
Build order — 羅鈸棒
First 150 of 348 actions detected
| 0:02 | Build | House |
| 0:02 | Queue | Villager (Male) |
| 0:03 | Build | House |
| 0:13 | Queue | Villager (Male) |
| 0:18 | Queue | Villager (Male) |
| 0:18 | Queue | Villager (Male) |
| 1:26 | Queue | Villager (Male) |
| 1:26 | Queue | Villager (Male) |
| 1:46 | Build | Lumber Camp |
| 2:09 | Queue | Villager (Male) |
| 2:09 | Queue | Villager (Male) |
| 2:17 | Queue | Villager (Male) |
| 2:17 | Queue | Villager (Male) |
| 2:18 | Queue | Villager (Male) |
| 2:50 | Queue | Villager (Male) |
| 2:50 | Queue | Villager (Male) |
| 3:13 | Queue | Villager (Male) |
| 3:13 | Queue | Villager (Male) |
| 3:50 | Queue | Villager (Male) |
| 3:50 | Queue | Villager (Male) |
| 4:02 | Build | House |
| 4:32 | Queue | Villager (Male) |
| 4:32 | Queue | Villager (Male) |
| 5:04 | Queue | Villager (Male) |
| 5:10 | Queue | Villager (Male) |
| 5:33 | Queue | Villager (Male) |
| 5:37 | Research | Loom |
| 6:23 | Research | Feudal Age |
| 6:24 | Research | Feudal Age |
| 7:17 | Queue | Villager (Male) |
| 7:56 | Build | Palisade Wall |
| 7:58 | Build | Palisade Wall |
| 8:00 | Build | Palisade Wall |
| 8:00 | Build | Palisade Wall |
| 8:01 | Build | Palisade Wall |
| 8:03 | Queue | Villager (Male) |
| 8:25 | Build | House |
| 8:31 | Queue | Villager (Male) |
| 8:33 | Age | Feudal Age |
| 8:38 | Build | Palisade Wall |
| 8:39 | Build | Palisade Wall |
| 8:40 | Build | Palisade Wall |
| 8:44 | Queue | Villager (Male) |
| 8:51 | Build | Stable |
| 8:54 | Queue | Villager (Male) |
| 9:19 | Research | Double-Bit Axe |
| 9:23 | Build | Archery Range |
| 9:24 | Queue | Villager (Male) |
| 9:34 | Queue | Scout Cavalry |
| 9:34 | Queue | Scout Cavalry |
| 9:57 | Build | Farm |
| 9:58 | Build | Farm |
| 10:06 | Build | Farm |
| 10:11 | Queue | Scout Cavalry |
| 10:21 | Build | House |
| 10:22 | Queue | Archer |
| 10:22 | Queue | Archer |
| 10:33 | Build | Mill |
| 10:52 | Build | Palisade Wall |
| 10:53 | Build | Palisade Wall |
| 10:57 | Build | Palisade Wall |
| 11:00 | Build | Palisade Wall |
| 11:01 | Build | Palisade Wall |
| 11:02 | Build | Farm |
| 11:07 | Build | House |
| 11:10 | Queue | Villager (Male) |
| 11:20 | Build | Farm |
| 11:34 | Build | House |
| 11:39 | Queue | Villager (Male) |
| 11:50 | Queue | Villager (Male) |
| 11:53 | Build | Farm |
| 11:58 | Build | Farm |
| 12:07 | Build | Palisade Wall |
| 12:15 | Build | Mining Camp |
| 12:17 | Queue | Skirmisher |
| 12:18 | Queue | Skirmisher |
| 12:24 | Queue | Villager (Male) |
| 12:31 | Queue | Villager (Male) |
| 12:45 | Queue | Skirmisher |
| 12:59 | Queue | Villager (Male) |
| 13:00 | Queue | Villager (Male) |
| 13:02 | Build | Farm |
| 13:02 | Build | Farm |
| 13:07 | Queue | Villager (Male) |
| 13:12 | Queue | Scout Cavalry |
| 13:12 | Queue | Scout Cavalry |
| 13:18 | Queue | Villager (Male) |
| 13:22 | Queue | Archer |
| 13:23 | Queue | Villager (Male) |
| 13:39 | Queue | Scout Cavalry |
| 13:39 | Queue | Scout Cavalry |
| 13:45 | Queue | Villager (Male) |
| 13:52 | Build | House |
| 13:57 | Queue | Villager (Male) |
| 14:08 | Queue | Villager (Male) |
| 14:09 | Queue | Archer |
| 14:09 | Queue | Archer |
| 14:39 | Queue | Archer |
| 14:40 | Queue | Scout Cavalry |
| 14:40 | Queue | Scout Cavalry |
| 14:52 | Queue | Scout Cavalry |
| 15:09 | Queue | Villager (Male) |
| 15:13 | Build | Lumber Camp |
| 15:14 | Queue | Villager (Male) |
| 15:25 | Queue | Skirmisher |
| 15:26 | Build | House |
| 15:29 | Build | Farm |
| 15:34 | Queue | Archer |
| 15:39 | Queue | Scout Cavalry |
| 15:40 | Queue | Archer |
| 15:55 | Queue | Villager (Male) |
| 15:55 | Queue | Villager (Male) |
| 16:19 | Queue | Villager (Male) |
| 16:19 | Queue | Villager (Male) |
| 16:21 | Build | Farm |
| 16:22 | Build | Farm |
| 16:32 | Queue | Scout Cavalry |
| 16:33 | Queue | Scout Cavalry |
| 16:33 | Queue | Archer |
| 16:50 | Queue | Villager (Male) |
| 17:06 | Queue | Skirmisher |
| 17:09 | Build | House |
| 17:14 | Build | Farm |
| 17:15 | Queue | Villager (Male) |
| 17:15 | Queue | Villager (Male) |
| 17:35 | Queue | Archer |
| 17:38 | Queue | Skirmisher |
| 17:38 | Queue | Skirmisher |
| 18:02 | Queue | Scout Cavalry |
| 18:02 | Queue | Skirmisher |
| 18:15 | Queue | Villager (Male) |
| 18:18 | Build | Farm |
| 18:19 | Build | Farm |
| 18:23 | Queue | Villager (Male) |
| 18:38 | Queue | Skirmisher |
| 18:51 | Queue | Scout Cavalry |
| 18:54 | Build | Farm |
| 18:56 | Build | Farm |
| 18:58 | Build | Farm |
| 18:58 | Queue | Villager (Male) |
| 19:18 | Queue | Villager (Male) |
| 19:19 | Build | Farm |
| 19:28 | Build | Farm |
| 19:43 | Queue | Villager (Male) |
| 19:44 | Queue | Scout Cavalry |
| 20:02 | Queue | Villager (Male) |
| 20:04 | Build | Farm |
| 20:05 | Build | Farm |
| 20:08 | Queue | Skirmisher |
| 20:08 | Queue | Skirmisher |
Match timeline
| 5:16 | WryPig · first_building Barracks |
| 7:56 | 羅鈸棒 · wall_segment Palisade Wall x4 |
| 7:58 | 羅鈸棒 · wall_segment Palisade Wall x1 |
| 8:00 | 羅鈸棒 · wall_segment Palisade Wall x1 |
| 8:00 | 羅鈸棒 · wall_segment Palisade Wall x1 |
| 8:01 | 羅鈸棒 · wall_segment Palisade Wall x1 |
| 8:33 | 羅鈸棒 · age_up feudal |
| 8:38 | 羅鈸棒 · wall_segment Palisade Wall x1 |
| 8:39 | 羅鈸棒 · wall_segment Palisade Wall x1 |
| 8:40 | 羅鈸棒 · wall_segment Palisade Wall x1 |
| 8:51 | 羅鈸棒 · first_building Stable |
| 9:23 | 羅鈸棒 · first_building Archery Range |
| 9:34 | WryPig · wall_segment Palisade Wall x3 |
| 9:44 | WryPig · wall_segment Palisade Wall x1 |
| 9:52 | WryPig · wall_segment Palisade Wall x1 |
| 10:45 | WryPig · age_up feudal |
| 10:51 | WryPig · first_building Archery Range |
| 10:52 | 羅鈸棒 · wall_segment Palisade Wall x1 |
| 10:53 | 羅鈸棒 · wall_segment Palisade Wall x1 |
| 10:57 | 羅鈸棒 · wall_segment Palisade Wall x1 |
| 11:00 | 羅鈸棒 · wall_segment Palisade Wall x1 |
| 11:01 | 羅鈸棒 · wall_segment Palisade Wall x2 |
| 11:25 | WryPig · wall_segment Palisade Wall x1 |
| 12:07 | 羅鈸棒 · wall_segment Palisade Wall x1 |
| 25:15 | 羅鈸棒 · first_market_sell 100 wood |
| 25:19 | 羅鈸棒 · first_market_buy 100 food |
| 25:42 | WryPig · wall_segment Palisade Wall x1 |
| 25:58 | WryPig · wall_segment Palisade Wall x1 |
| 27:23 | WryPig · wall_segment Palisade Wall x1 |
| 28:26 | 羅鈸棒 · age_up castle |
| 29:09 | WryPig · wall_segment Palisade Wall x1 |
| 29:18 | WryPig · wall_segment Palisade Wall x5 |
| 29:55 | WryPig · wall_segment Palisade Wall x11 |
| 29:57 | WryPig · wall_segment Palisade Wall x4 |
| 30:24 | WryPig · wall_segment Palisade Wall x6 |
| 31:02 | WryPig · age_up castle |
| 32:08 | WryPig · wall_segment Palisade Wall x1 |
| 32:14 | WryPig · wall_segment Palisade Wall x1 |
| 32:29 | WryPig · wall_segment Palisade Wall x1 |
| 32:57 | WryPig · first_market_sell 100 wood |
| 33:20 | WryPig · wall_segment Palisade Wall x1 |
| 33:25 | WryPig · wall_segment Palisade Wall x1 |
| 33:39 | WryPig · wall_segment Palisade Wall x1 |
| 35:36 | 羅鈸棒 · first_building Siege Workshop |
| 37:57 | WryPig · first_building Castle |
| 40:15 | WryPig · first_market_buy 100 wood |
| 42:52 | WryPig · resign |
[ AI ANALYSIS · 1 CREDIT ]
What really happened in this match?
Wolo.gg analyzes every decision: build order, eco, micro, common mistakes by bracket. Personalized analysis on WhatsApp or Discord in 30 seconds.
Civ guide
Mongols
Perfil
Jugador #4039792